 Dungeon Crawl Stone Soup version 0.27-a0-732-ga892ba84f6 (webtiles) character file.

Game seed: 12905854583783268873

2340 siradein the Transmogrifier (level 9, -15/64 HPs)
             Began as a White Draconian Transmuter on Mar 18, 2021.
             Was a Follower of Sif Muna.
             Killed from afar by a gargoyle (19 damage)
             ... with a stone arrow
             ... on level 8 of the Dungeon on Mar 23, 2021.
             The game lasted 00:51:23 (11764 turns).

siradein the Transmogrifier (DrTm)                 Turns: 11764, Time: 00:51:24

Health: -15/64     AC: 13    Str: 19    XL:     9   Next: 20%
Magic:  19/19      EV: 12    Int: 10    God:    Sif Muna [*.....]
Gold:   361        SH:  0    Dex: 15    Spells: 7/22 levels left

rFire    + . .     SeeInvis .     - Unarmed
rCold    + . .     Faith    .   (no shield)
rNeg     . . .     Spirit   .   (armour unavailable)
rPois    .         Reflect  .   (helmet restricted)
rElec    +         Harm     .   n - +0 cloak "Ockoruc" {Dex+2}
rCorr    .         Rampage  .   h - +0 pair of gloves
Will     .....                  (no boots)
Stlth    +.........             (no amulet)
HPRegen  0.20/turn              w - ring "Qucionweg" {rElec rF+ AC+4 Str+6 Int-5}
MPRegen  0.16/turn              (no ring)

@: no status effects
A: breathe frost, AC +7, unfitting armour, cold resistance 1, cold-blooded
a: Breathe Frost, Renounce Religion, Channel Magic


You were on level 8 of the Dungeon.
You worshipped Sif Muna.
Sif Muna was aware of your devotion.
You visited 1 branch of the dungeon, and saw 8 of its levels.

You collected 361 gold pieces.

Inventory:

Armour
 h - a +0 pair of gloves (worn)
 n - the +0 cloak "Ockoruc" (worn) {Dex+2}
   (You found it on level 6 of the Dungeon)

   It affects your dexterity (+2).
Jewellery
 w - the ring "Qucionweg" (right hand) {rElec rF+ AC+4 Str+6 Int-5}
   (You found it on level 6 of the Dungeon)

   [ring of protection]

   It affects your AC (+4).
   It affects your strength (+6).
   It affects your intelligence (-5).
   It protects you from fire.
   It insulates you from electricity.
Wands
 s - a wand of polymorph (12)
 t - a wand of iceblast (6)
 v - a wand of random effects (12)
 y - a wand of charming (11)
Scrolls
 a - 3 scrolls of immolation
 b - a scroll of blinking {unknown}
 c - a scroll of silence {unknown}
 d - 2 scrolls of vulnerability
 e - 2 scrolls of teleportation
 f - 2 scrolls of amnesia {unknown}
 g - 4 scrolls of enchant armour
 j - a scroll of fear {unknown}
 k - a scroll of magic mapping {unknown}
 l - 3 scrolls of enchant weapon {unknown}
 o - a scroll of holy word {unknown}
 q - 2 scrolls of fog {unknown}
 x - 2 scrolls of identify
Potions
 i - 3 potions of curing
 m - a potion of might
 p - 3 potions of brilliance
 r - 2 potions of heal wounds
 u - a potion of degeneration {unknown}
 z - a potion of lignification {unknown}


   Skills:
 + Level 1.4 Fighting
 + Level 2.0 Dodging
 + Level 5.0 Unarmed Combat
 + Level 7.3 Spellcasting
 + Level 8.9 Transmutations


You had 7 spell levels left.
You knew the following spells:

 Your Spells              Type           Power      Damage    Failure   Level
a - Beastly Appendage     Tmut           42%        N/A       1%          1
b - Wereblood             Tmut           21%        N/A       1%          2
c - Spider Form           Tmut/Pois      6%         N/A       9%          3
d - Blade Hands           Tmut           10%        N/A       13%         5
e - Ice Form              Ice/Tmut       12%        N/A       28%         4

Your spell library contained the following spells:

 Spells                   Type           Power      Damage    Failure   Level


Dungeon Overview and Level Annotations

Branches:
Dungeon (8/15)             Temple (0/1) D:6
   Lair: D:8-11

Altars:
Ashenzari
Elyvilon
Hepliaklqana
Qazlal
Sif Muna
Trog
Uskayaw
Vehumet
The Shining One


Innate Abilities, Weirdness & Mutations

You can breathe waves of freezing cold.
You can buffet flying creatures when you breathe cold.
Your icy white scales are hard. (AC +7)
You cannot fit into any form of body armour.
Your flesh is cold resistant. (rC+)
You are cold-blooded and may be slowed by cold attacks.


Message History

The gargoyle hurls a stone arrow at you.
The stone arrow misses you.
Your transformation is almost over.
The gargoyle barely misses you.
You hit the gargoyle but do no damage. The gargoyle hits you with a +0 flail.
You hit the gargoyle.
The gargoyle is lightly damaged.
The gargoyle misses you.
You hit the gargoyle.
The gargoyle is moderately damaged.
The gargoyle hits you with a +0 flail!!
You hit the gargoyle but do no damage.
The gargoyle is moderately damaged.
The gargoyle completely misses you.
You hit the gargoyle but do no damage.
The gargoyle is moderately damaged.
The gargoyle hurls a stone arrow at you.
The stone arrow misses you.
You hit the gargoyle but do no damage.
The gargoyle is moderately damaged.
The gargoyle misses you.
You hit the gargoyle.
The gargoyle is moderately damaged.
The gargoyle completely misses you.
You hit the gargoyle but do no damage.
The gargoyle is moderately damaged.
Your transformation has ended.
The +0 cloak "Ockoruc" {Dex+2} unmelds from your body.
Your +0 pair of gloves unmelds from your body.
You hit the gargoyle.
You tail-slap the gargoyle, but do no damage.
The gargoyle is moderately damaged.
The gargoyle hurls a stone arrow at you.
The stone arrow hits you!!
The gargoyle hurls a stone arrow at you.
The stone arrow hits you!!
* * * LOW HITPOINT WARNING * * *
The gargoyle hurls a stone arrow at you.
The stone arrow hits you!!
You die...

#.# #.#
#######.#####
#............
#.#####..####
########.# ##.#
......#.######.#
###............###
#.@.....######...#
#.#.#...######.#)##
#.#.#..........#...
#9#.#........#####.
#
#.#.#.#..###...#...
#.###.#.#(#..#
########
#^.)......#..#
#####.#.###..#
#.#.......


You could see a gargoyle.

Vanquished Creatures
  A komodo dragon (D:6)
  Grinder (D:6)
  Sigmund (D:5)
  Duvessa (D:5)
  An orc warrior (D:7)
  A sky beast (D:7)
  A centaur (D:7)
  Blork the orc (D:6)
  A bullfrog (D:8)
  A wyvern zombie (D:7)
  Dowan (D:5)
  2 scorpions
  5 wights (D:6)
  A hound (D:7)
  An orc priest (D:5)
  A centaur skeleton (D:7)
  4 orc wizards
  2 iguanas
  9 worker ants
  A hound skeleton (D:7)
  A worker ant zombie (D:8)
  13 adders
  8 gnolls
  2 shadow imps (D:6)
  2 white imps
  An ufetubus (D:7)
  An ooze (D:1)
  3 worms
  10 orcs
  6 removed leopard geckos
  2 giant cockroaches (D:1)
  6 goblins
  9 hobgoblins
  20 jackals
  2 quokkas
  2 ball pythons
  A ball python skeleton (D:6)
  5 bats
  3 frilled lizards
  2 giant cockroach zombies
  A jackal zombie (D:6)
  8 kobolds
  A quokka skeleton (D:6)
  3 rats
  A removed leopard gecko skeleton (D:6)
150 creatures vanquished.

Notes
Turn   | Place    | Note
-------+----------+-------------------------------------------
     0 | D:1      | siradein the Draconian Transmuter began the quest for the
                  | Orb.
     0 | D:1      | Reached XP level 1. HP: 16/16 MP: 3/3
   186 | D:1      | Reached XP level 2. HP: 20/23 MP: 3/5
  1120 | D:2      | Learned a level 2 spell: Wereblood
  1228 | D:2      | Reached XP level 3. HP: 28/28 MP: 4/6
  1462 | D:2      | Reached skill level 3 in Transmutations
  2357 | D:3      | Upgraded the game from 0.27-a0-668-gb5737ff2c0 to
                  | 0.27-a0-679-g77a6b55cf3
  2606 | D:3      | Reached XP level 4. HP: 35/35 MP: 5/7
  2610 | D:3      | Learned a level 3 spell: Spider Form
  3451 | D:4      | Reached skill level 4 in Transmutations
  3451 | D:4      | Reached XP level 5. HP: 23/40 MP: 8/8
  4063 | D:4      | Found a stormy altar of Qazlal.
  4449 | D:4      | Reached skill level 5 in Unarmed Combat
  4499 | D:4      | Noticed a water elemental
  4500 | D:4      | Noticed a fire elemental
  4500 | D:4      | Noticed an air elemental
  5347 | D:4      | Reached XP level 6. HP: 36/47 MP: 9/9
  5678 | D:5      | Entered Level 5 of the Dungeon
  5678 | D:5      | Found a hide-covered altar of Uskayaw.
  5775 | D:5      | Found a bloodstained altar of Trog.
  5961 | D:5      | Reached skill level 5 in Transmutations
  6053 | D:5      | Noticed Duvessa
  6454 | D:5      | Noticed Dowan
  6614 | D:5      | Noticed Sigmund
  6635 | D:5      | Killed Sigmund
  6636 | D:5      | Your scales start taking on an icy white colour.
  6636 | D:5      | Reached XP level 7. HP: 40/52 MP: 11/13
  6636 | D:5      | Gained mutation: Your flesh is cold resistant. (rC+) [White
                  | Draconian growth]
  6732 | D:5      | Killed Duvessa
  6733 | D:5      | Reached skill level 6 in Transmutations
  6803 | D:5      | Killed Dowan
  7162 | D:5      | Found a broken altar of Ashenzari.
  7162 | D:5      | Found a hazy altar of Hepliaklqana.
  7162 | D:5      | Found a white marble altar of Elyvilon.
  7162 | D:5      | Found a radiant altar of Vehumet.
  7178 | D:5      | Found a shimmering blue altar of Sif Muna.
  7182 | D:5      | Found a glowing golden altar of the Shining One.
  7186 | D:5      | Became a worshipper of Sif Muna the Loreminder
  7287 | D:6      | Noticed Blork the orc
  7298 | D:6      | Killed Blork the orc
  7575 | D:6      | Noticed a komodo dragon
  7784 | D:6      | Identified the +0 cloak "Ockoruc" {Dex+2}
  7826 | D:6      | Found a staircase to the Ecumenical Temple.
  8172 | D:6      | Reached skill level 5 in Spellcasting
  8264 | D:6      | Reached XP level 8. HP: 18/59 MP: 12/15
  8566 | D:6      | Reached skill level 7 in Transmutations
  9177 | D:6      | Noticed Grinder
  9186 | D:6      | Paralysed by Grinder for 5 turns
  9196 | D:6      | Paralysed by Grinder for 6 turns
  9209 | D:6      | Killed Grinder
  9660 | D:6      | Reached * piety under Sif Muna
  9859 | D:6      | Killed a komodo dragon
  9860 | D:6      | Reached skill level 8 in Transmutations
  9892 | D:6      | Identified the ring "Qucionweg" {rElec rF+ AC+4 Str+6
                  | Int-5}
 10317 | D:7      | Learned a level 5 spell: Blade Hands
 10322 | D:7      | Learned a level 4 spell: Ice Form
 10530 | D:7      | Reached XP level 9. HP: 56/64 MP: 19/19
 11402 | D:7      | Upgraded the game from 0.27-a0-679-g77a6b55cf3 to
                  | 0.27-a0-732-ga892ba84f6
 11745 | D:8      | Noticed a gargoyle
 11764 | D:8      | Killed from afar by a gargoyle

Illustrated notes

Levels and vault maps discovered:
D:1:      minmay_arrival_jagged, layout_loops_ring
D:2:      layout_basic
D:3:      layout_loops_ring, serial_aquarium, aquarium_bridge_long_separate
          [aquarium_subvault_wall, aquarium_subvault_bridge,
          aquarium_subvault_bridge, aquarium_subvault_window,
          aquarium_subvault_bridge, aquarium_subvault_window],
          aquarium_bridge_straight [aquarium_subvault_bridge,
          aquarium_subvault_wall, aquarium_subvault_bridge,
          aquarium_subvault_balcony], aquarium_window_2, aquarium_window_1,
          aquarium_view_2f, aquarium_balcony_3b
D:4:      layout_basic, nicolae_qazlal_style_of_elements
D:5:      layout_rooms, minmay_overflow_temple_hex, basic_altar,
          hangedman_decor_riveting, trog_hazing_becter, uniq_sigmund,
          uniq_duvessa
D:6:      minmay_clustersquares, layout_loops_ring, minmay_temple_entry_arrows,
          minmay_misc_feat_nine_boxes, uniq_blork_the_orc, uniq_grinder
D:7:      layout_rooms, minmay_misc_feat_roman, minmay_misc_feat_ornament,
          roderic_roman_lattice
D:8:      layout_loops_ring, lemuel_coloured_pillars_altar, uniq_pikel

Skill      XL: |  1  2  3  4  5  6  7  8  9 |
---------------+----------------------------+-----
Transmutations | 3 4 5 6 8 |  8.9
Unarmed Combat | 4 5 |  5.0
Spellcasting   | 4 5 6 7 |  7.3
Dodging        | 2 |  2.0
Fighting       | |  1.4

Action                   |  1- 3 |  4- 6 |  7- 9 || total
-------------------------+-------+-------+-------++-------
Melee: Unarmed           |   124 |   173 |   279 ||   576
       Headbutt          |    14 |    25 |    37 ||    76
       Kick              |    12 |    43 |    69 ||   124
       Tailslap          |    11 |    24 |    30 ||    65
       Punch             |     3 |     3 |     5 ||    11
 Cast: Beastly Appendage |    20 |    29 |    31 ||    80
       Wereblood         |       |     1 |     3 ||     4
       Spider Form       |       |       |    12 ||    12
       Blade Hands       |       |       |     1 ||     1
 Abil: Breathe Frost     |       |       |     1 ||     1
  Use: Scroll            |       |     6 |     2 ||     8
       Potion            |       |     1 |       ||     1
Armor: Skin              |    31 |    59 |    64 ||   154
Dodge: Dodged            |    66 |   123 |   167 ||   356

Table legend: (Time is in decaauts)
 A = Elapsed time spent in this place.
 B = Non-inter-level travel time spent in this place.
 C = Inter-level travel time spent in this place.
 D = Time resting spent in this place.
 E = Time spent auto-exploring this place.
 F = Levels seen in this place.
 G = Mean time per level.
                   A        B        C        D        E       F      G
               +--------+--------+--------+--------+--------+-----+--------+
         Total |  11726 |  11569 |    157 |    974 |   8745 |   8 | 1465.8 |
       Dungeon |  11726 |  11569 |    157 |    974 |   8745 |   8 | 1465.8 |
               +--------+--------+--------+--------+--------+-----+--------+

Top non-repeatable levels by time:
     D:4: 2243 daAuts
     D:6: 2170 daAuts
     D:5: 1960 daAuts
     D:3: 1626 daAuts
     D:7: 1323 daAuts
     D:2: 1304 daAuts
     D:1: 841 daAuts
     D:8: 256 daAuts
